 Dungeon Crawl Stone Soup version 0.29-a0-609-gb56f46d856 (webtiles) character file.

Game seed: 8684892371534094665

1542 Bruhh the Chiller (level 8, -1/59 HPs)
             Began as a Gnoll Ice Elementalist on June 15, 2022.
             Slain by a kobold brigand
             ... wielding a +1 dagger of electrocution
              (20 damage)
             ... on level 5 of the Dungeon on June 16, 2022.
             The game lasted 00:09:12 (6122 turns).

Bruhh the Chiller (Gnoll Ice Elementalist)          Turns: 6122, Time: 00:09:12

Health: -1/59      AC:  9    Str: 11    XL:     8   Next: 87%
Magic:  9/17       EV: 13    Int: 16    God:
Gold:   215        SH:  0    Dex: 13    Spells: 12/19 levels left

rFire   . . .      SeeInvis .   A - +12 whip of the Thirteen Yaks {drain, rN++ Str+3}
rCold   . . .      Faith    .   (no shield)
rNeg    + + .      Spirit   .   y - +0 leather armour
rPois   .          Reflect  .   (no helmet)
rElec   .          Harm     .   (no cloak)
rCorr   .          Rampage  .   (no gloves)
Will    .....                   w - +0 pair of boots
Stlth   +++.......              (no amulet)
HPRegen 0.19/turn               (no ring)
MPRegen 0.15/turn               (no ring)

@: lethally poisoned (-1 -> -5), ice-armoured, freezing walls
A: fangs 1, strong nose, distributed training
a: no special abilities


You were on level 5 of the Dungeon.
You visited 1 branch of the dungeon, and saw 5 of its levels.
You also visited: Sewer.

You collected 215 gold pieces.

Inventory:

Hand Weapons
 d - a +0 short sword
 i - a +1 dagger of protection
 o - a +4 dagger of draining
 A - the +12 whip of the Thirteen Yaks (weapon) {drain, rN++ Str+3}
   (You found it on level 4 of the Dungeon)

   A truly terrible weapon, it drains the life of any living foe it strikes.
   Str:       It affects your strength (+3).
   rN:        It greatly protects you from negative energy.
 E - a +0 spear of venom
Armour
 a - a +0 robe
 w - a +0 pair of boots (worn)
 y - a +0 leather armour (worn)
Jewellery
 B - an amulet of guardian spirit
Wands
 l - a wand of flame (57)
 q - a wand of acid (6)
 F - a wand of polymorph (13)
Scrolls
 e - a scroll of immolation {unknown}
 g - 6 scrolls of identify {unknown}
 j - a scroll of magic mapping {unknown}
 n - 5 scrolls of teleportation {unknown}
 p - 4 scrolls of enchant armour {unknown}
 u - a scroll of fear {unknown}
 v - a scroll of noise {unknown}
 x - a scroll of fog {unknown}
 C - a scroll of amnesia {unknown}
Potions
 b - a potion of magic
 c - 2 potions of curing {unknown}
 f - a potion of ambrosia {unknown}
 h - 2 potions of attraction {unknown}
 k - 3 potions of might
 m - a potion of invisibility {unknown}
 r - a potion of haste {unknown}
 s - a potion of berserk rage {unknown}
 t - 2 potions of heal wounds {unknown}
 z - a potion of flight {unknown}
 D - 2 potions of lignification {unknown}


   Skills:
 + Level 3.6 Fighting
 + Level 3.6 Short Blades
 + Level 3.6 Long Blades
 + Level 3.6 Axes
 + Level 3.6 Maces & Flails
 + Level 3.6 Polearms
 + Level 3.6 Staves
 + Level 3.6 Slings
 + Level 3.6 Bows
 + Level 3.6 Crossbows
 + Level 3.6 Throwing
 + Level 3.6 Armour
 + Level 5.9 Dodging
 + Level 5.6 Stealth
 + Level 3.6 Shields
 + Level 3.6 Unarmed Combat
 + Level 6.2 Spellcasting
 + Level 3.0 Conjurations
 + Level 3.0 Hexes
 + Level 3.0 Summonings
 + Level 3.0 Necromancy
 + Level 3.0 Translocations
 + Level 3.0 Transmutations
 + Level 3.0 Fire Magic
 + Level 7.8 Ice Magic
 + Level 3.0 Air Magic
 + Level 3.0 Earth Magic
 + Level 3.0 Poison Magic
 + Level 4.0 Invocations
 + Level 3.6 Evocations


You had 12 spell levels left.
You knew the following spells:

 Your Spells              Type           Power      Damage    Failure   Level
a - Freeze                Ice            100%       1d11      1%          1
b - Frozen Ramparts       Ice            58%        1d7       1%          3
c - Ozocubu's Armour      Ice            29%        N/A       1%          3

Your spell library contained the following spells:

 Spells                   Type           Power      Damage    Failure   Level
 Sandblast                Erth           28%        2d8       4%          1
 Passwall                 Tmut/Erth      11%        N/A       8%          2
 Sublimation of Blood     Necr           14%        N/A       8%          2
 Wereblood                Tmut           14%        N/A       8%          2
 Conjure Flame            Conj/Fire      14%        6-21      16%         3
 Ignite Poison            Fire/Tmut/Pois 14%        N/A       16%         3
 Stone Arrow              Conj/Erth      28%        3d8       16%         3
 Hailstorm                Conj/Ice       22%        3d7       19%         4
 Petrify                  Tmut/Erth      14%        N/A       45%         4
 Sticky Flame             Conj/Fire      14%        2d4       45%         4
 Irradiate                Conj/Tmut      7%         3d15      80%         5
 Summon Hydra             Summ           7%         N/A       100%        7


Dungeon Overview and Level Annotations

Branches:
Dungeon (5/15)              Sewer (visited)
 Temple: D:4-7

Altars:
Gozag

Shops:
D:4 ?(([

Annotations:
D:5 1 runed translucent door, Majang's ghost, novice MeFi


Innate Abilities, Weirdness & Mutations

You have very sharp teeth.
Your uncanny sense of smell can sniff out nearby items.
Your experience applies equally to all skills.


Message History

You miss the water moccasin.
You feel very sick. The water moccasin misses you.
The water moccasin barely misses you.
You whack the water moccasin! You drain the water moccasin.
You punch the water moccasin.
The water moccasin is heavily wounded.
You feel sick. The water moccasin closely misses you.
Unknown command.
Casting: Ozocubu's Armour (safe; 1% risk of failure)
Confirm with . or Enter, or press ? or * to list all spells.
Aiming: Freeze (safe; 1% risk of failure)
Press: ? - help, Shift-Dir - straight line, f - water moccasin
Aim: a water moccasin (heavily wounded, lightly drained)
You freeze the water moccasin.
The water moccasin is severely wounded.
The water moccasin seems to slow down.
You feel sick.
The water moccasin bites you but does no damage.
The wall freezes the kobold brigand.
The wall freezes the kobold.
You kill the kobold!
Unknown command.
Casting: Freeze (safe; 1% risk of failure)
Confirm with . or Enter, or press ? or * to list all spells.
Aiming: Freeze (safe; 1% risk of failure)
Press: ? - help, Shift-Dir - straight line, f/p - water moccasin
Aim: a water moccasin (severely wounded, slow, lightly drained)
You freeze the water moccasin.
The water moccasin is severely wounded.
The water moccasin seems to slow down.
You feel sick.
The wall freezes the kobold brigand.
The water moccasin closely misses you.
Casting: Freeze (safe; 1% risk of failure)
Confirm with . or Enter, or press ? or * to list all spells.
Aiming: Freeze (safe; 1% risk of failure)
Press: ? - help, Shift-Dir - straight line, f/p - water moccasin
Aim: a water moccasin (severely wounded, slow, lightly drained)
You freeze the water moccasin.
The water moccasin is almost dead.
You feel sick.
The wall freezes the kobold brigand.
The kobold brigand hits you with a +1 dagger of electrocution.
You are electrocuted!!
You die...

#....... ## ...
.. #.. .....#
........ #.##)#)
#
####.##..#.##.#
∆
#......K...$..#
#.....#@S..#.# #
#....#.......#
#.#...........##
#...#..##.##..#
#####..#.##.#
.##
............# #
.#####.#.#.##.#
#.#......#
###+#.######


You could see a water moccasin (slow, drained) and a kobold brigand.

Vanquished Creatures
  Grinder (D:4)
  Sigmund (D:5)
  Eustachio (D:4)
  An ogre (D:4)
  A phantom (D:5)
  7 kobold brigands (Sewer)
  2 scorpions
  A jelly (D:5)
  A gnoll shaman (D:4)
  An orc wizard (D:4)
  Robin (D:2)
  4 gnolls (D:4)
  5 adders
  A river rat (Sewer)
  A white imp (D:5)
  An ufetubus (D:3)
  4 worms
  4 orcs (D:4)
  10 ball pythons
  8 endoplasms
  11 giant cockroaches
  19 goblins
  7 hobgoblins
  7 quokkas
  3 bats
  A frilled lizard (D:2)
  15 kobolds
  3 rats
122 creatures vanquished.

Notes
Turn   | Place    | Note
-------+----------+-------------------------------------------
     0 | D:1      | Bruhh the Gnoll Ice Elementalist began the quest for the
                  | Orb.
     0 | D:1      | Reached XP level 1. HP: 13/13 MP: 6/6
    71 | D:1      | Reached XP level 2. HP: 5/19 MP: 0/7
   854 | D:1      | Reached XP level 3. HP: 25/25 MP: 7/9
   895 | D:1      | Reached skill level 5 in Spellcasting
  1208 | D:2      | Learned a level 3 spell: Frozen Ramparts
  1212 | D:2      | Learned a level 3 spell: Ozocubu's Armour
  1412 | D:2      | Found an opulent altar of Gozag.
  1623 | D:2      | Noticed Robin
  1630 | D:2      | Reached skill level 1 in Invocations
  1640 | D:2      | Reached skill level 1 in Fighting
  1640 | D:2      | Reached skill level 1 in Short Blades
  1640 | D:2      | Reached skill level 1 in Long Blades
  1640 | D:2      | Reached skill level 1 in Axes
  1640 | D:2      | Reached skill level 1 in Maces & Flails
  1640 | D:2      | Reached skill level 1 in Polearms
  1640 | D:2      | Reached skill level 1 in Staves
  1640 | D:2      | Reached skill level 1 in Slings
  1640 | D:2      | Reached skill level 1 in Bows
  1640 | D:2      | Reached skill level 1 in Crossbows
  1640 | D:2      | Reached skill level 1 in Throwing
  1640 | D:2      | Reached skill level 1 in Armour
  1640 | D:2      | Reached skill level 1 in Shields
  1640 | D:2      | Reached skill level 1 in Unarmed Combat
  1640 | D:2      | Reached skill level 1 in Evocations
  1642 | D:2      | Killed Robin
  1643 | D:2      | Reached XP level 4. HP: 31/32 MP: 1/11
  2463 | D:3      | Upgraded the game from 0.29-a0-584-gb10a8bf730 to
                  | 0.29-a0-609-gb56f46d856
  2650 | D:3      | Found a glowing drain.
  2665 | Sewer    | Entered a sewer
  2752 | Sewer    | Noticed a kobold brigand
  2762 | Sewer    | Killed a kobold brigand
  2763 | Sewer    | Reached skill level 1 in Conjurations
  2763 | Sewer    | Reached skill level 1 in Hexes
  2763 | Sewer    | Reached skill level 1 in Summonings
  2763 | Sewer    | Reached skill level 1 in Necromancy
  2763 | Sewer    | Reached skill level 1 in Translocations
  2763 | Sewer    | Reached skill level 1 in Transmutations
  2763 | Sewer    | Reached skill level 1 in Fire Magic
  2763 | Sewer    | Reached skill level 1 in Air Magic
  2763 | Sewer    | Reached skill level 1 in Earth Magic
  2763 | Sewer    | Reached skill level 1 in Poison Magic
  2763 | Sewer    | Reached XP level 5. HP: 37/37 MP: 5/12
  2819 | Sewer    | Noticed a kobold brigand
  2831 | Sewer    | Killed a kobold brigand
  2908 | Sewer    | Reached XP level 6. HP: 33/44 MP: 13/13
  3111 | Sewer    | Reached skill level 5 in Dodging
  3345 | Sewer    | Reached XP level 7. HP: 38/50 MP: 9/15
  4543 | D:4      | Identified the +12 whip of the Thirteen Yaks {drain, rN++
                  | Str+3}
  4555 | D:4      | Noticed Eustachio
  4562 | D:4      | Killed Eustachio
  4563 | D:4      | Reached skill level 5 in Stealth
  4690 | D:4      | Reached XP level 8. HP: 53/57 MP: 9/16
  4775 | D:4      | Found Nunomum's Antique Weapon Shoppe.
  4859 | D:4      | Noticed Grinder
  4860 | D:4      | Found Redaeluit's Antique Weapon Shoppe.
  4869 | D:4      | Paralysed by Grinder for 3 turns
  4879 | D:4      | Killed Grinder
  5257 | D:4      | Found Qol Hakh's Antique Armour Shoppe.
  5330 | D:4      | Found Wef Sevai's Magic Scroll Shoppe.
  5743 | D:5      | Entered Level 5 of the Dungeon
  5913 | D:5      | Found a runed translucent door.
  5914 | D:5      | Noticed Majang's ghost (novice MeFi)
  6059 | D:5      | Noticed Sigmund
  6067 | D:5      | Killed Sigmund
  6122 | D:5      | Slain by a kobold brigand

Illustrated notes

Levels and vault maps discovered:
D:1:      minmay_arrival_nine_rooms, layout_loops_ring
D:2:      layout_loops_corners, basic_altar, serial_forest,
          infiniplex_forest_clump_double, infiniplex_forest_end_double,
          infiniplex_forest_zigzag_2, infiniplex_forest_lined_1,
          infiniplex_forest_zigzag_2, infiniplex_forest_zigzag_2,
          infiniplex_forest_straight_3, due_unseen_surprise, uniq_robin
D:3:      layout_loops_ring, gup_sewer_entry_pipe
D:4:      layout_basic, serial_shops, nicolae_shop_behind_doors, shop,
          nicolae_shop_advertising_works [nicolae_subvault_shop_adworks],
          kennysheep_mini, uniq_grinder, uniq_eustachio
D:5:      layout_basic, serial_shops, shop_fountains, gammafunk_ghost_grave,
          hangedman_abyss_or_decor_lesser_grid, uniq_duvessa, uniq_sigmund

Skill      XL: |  1  2  3  4  5  6  7  8 |
---------------+-------------------------+-----
Spellcasting   | 5 6 |  6.2
Invocations    | 1 2 3 4 |  4.0
Fighting       | 1 2 3 |  3.6
Short Blades   | 1 2 3 |  3.6
Long Blades    | 1 2 3 |  3.6
Axes           | 1 2 3 |  3.6
Maces & Flails | 1 2 3 |  3.6
Polearms       | 1 2 3 |  3.6
Staves         | 1 2 3 |  3.6
Slings         | 1 2 3 |  3.6
Bows           | 1 2 3 |  3.6
Crossbows      | 1 2 3 |  3.6
Throwing       | 1 2 3 |  3.6
Armour         | 1 2 3 |  3.6
Shields        | 1 2 3 |  3.6
Unarmed Combat | 1 2 3 |  3.6
Evocations     | 1 2 3 |  3.6
Conjurations   | 1 2 3 |  3.0
Hexes          | 1 2 3 |  3.0
Summonings     | 1 2 3 |  3.0
Necromancy     | 1 2 3 |  3.0
Translocations | 1 2 3 |  3.0
Transmutations | 1 2 3 |  3.0
Fire Magic     | 1 2 3 |  3.0
Air Magic      | 1 2 3 |  3.0
Earth Magic    | 1 2 3 |  3.0
Poison Magic   | 1 2 3 |  3.0
Dodging        | 5 |  5.9
Stealth        | 5 |  5.6
Ice Magic      | |  7.8

Action                   |  1- 3 |  4- 6 |  7- 9 || total
-------------------------+-------+-------+-------++-------
Melee: Unarmed           |    11 |       |       ||    11
       Bite              |     1 |     1 |     6 ||     8
       Short sword       |    12 |       |       ||    12
       Punch             |     1 |       |     3 ||     4
       Dagger            |     3 |    31 |    19 ||    53
       Whip              |       |       |    52 ||    52
 Cast: Freeze            |    37 |    37 |    46 ||   120
       Frozen Ramparts   |     2 |     2 |     5 ||     9
       Ozocubu's Armour  |     1 |     2 |     5 ||     8
Evoke: Wand              |       |       |     1 ||     1
  Use: Potion            |       |       |     1 ||     1
 Stab: Sleeping          |     2 |       |       ||     2
Armor: Robe              |     8 |     6 |     8 ||    22
       Leather armour    |       |       |    12 ||    12
Dodge: Dodged            |    36 |    35 |    49 ||   120

Table legend: (Time is in decaauts)
 A = Elapsed time spent in this place.
 B = Non-inter-level travel time spent in this place.
 C = Inter-level travel time spent in this place.
 D = Time resting spent in this place.
 E = Time spent auto-exploring this place.
 F = Levels seen in this place.
 G = Mean time per level.
                   A        B        C        D        E       F      G
               +--------+--------+--------+--------+--------+-----+--------+
         Total |   6278 |   6169 |    109 |      0 |   5334 |   6 | 1046.3 |
       Dungeon |   4741 |   4632 |    109 |      0 |   4050 |   5 |  948.2 |
         Sewer |   1537 |   1537 |      0 |      0 |   1283 |   1 | 1537.0 |
               +--------+--------+--------+--------+--------+-----+--------+

Top non-repeatable levels by time:
   Sewer: 1537 daAuts
     D:4: 1251 daAuts
     D:1: 1158 daAuts
     D:2: 1126 daAuts
     D:3: 828 daAuts
     D:5: 376 daAuts
